AoeStats
← yoshiquecomiste

Lombardia

507831360Analyzed
3v3 RM · 14d ago on Sep 19, 2026· 94m 23s· 6 players
Game mode
Random Map
Map size
Normal (6 player)
Population
200
Speed
Normal
Resources
Standard
Victory
Conquest
Starting age
Dark Age
Ending age
Imperial Age
RankedLock teamsTeams togetherTeam positionsShared explorationLock speedFull tech treeHidden civsTurbo modeCheats
Victory
Defeat
🇮🇹 Vietnamese · Italy
624
+14
🇮🇹 Japanese · Italy
554
+17
🇮🇹 Poles · Italy
524
+17
🇹🇷 Tatars · Türkiye
592
-17
🇨🇱 Portuguese · Chile
578
-16
🇷🇴 Turks · Romania
539
-15
metalmax
0:44 Loom
13:22 Feudal Age
15:01 Horse Collar
19:17 Castle Age
17:54 Horse Collar
18:05 Double-Bit Axe
21:06 Heavy Plow
21:20 Bow Saw
23:11 Wheelbarrow
26:11 Fletching
28:28 Ballistics
29:29 Hand Cart
30:23 Caravan
32:36 Squires
32:22 Gambesons
36:02 Imperial Age
34:10 Fortified Wall
33:55 Gold Mining
34:31 Pikeman
34:57 Arson
34:37 Elite Skirmisher
35:24 Thumb Ring
36:59 Forging
36:50 Scale Mail Armor
36:47 Bodkin Arrow
36:54 Padded Archer Armor
38:01 Conscription
37:59 Imperial Skirmisher
38:19 Elite Samurai
39:20 Town Watch
40:15 Gold Shaft Mining
40:04 Chain Mail Armor
40:48 Hoardings
40:10 Capped Ram
43:12 Iron Casting
43:08 Plate Mail Armor
46:30 Bracer
46:46 Leather Archer Armor
47:32 Blast Furnace
48:18 Chemistry
47:24 Siege Engineers
47:00 Treadmill Crane
47:16 Murder Holes
47:32 Masonry
47:32 Scale Barding Armor
49:35 Ring Archer Armor
60:46 Onager
62:39 Bloodlines
62:29 Husbandry
64:43 Two-Man Saw
63:20 Light Cavalry
65:01 Chain Barding Armor
65:51 Kataparuto
68:41 Yasama
69:16 Heavy Scorpion
ArSeNiO
0:55 Loom
15:10 Feudal Age
21:49 Castle Age
23:49 Wheelbarrow
28:03 Fletching
29:28 Double-Bit Axe
29:55 Horse Collar
32:28 Heavy Plow
37:27 Imperial Age
35:17 Hand Cart
35:23 Fortified Wall
35:24 Masonry
34:55 Treadmill Crane
35:11 Murder Holes
35:37 Ballistics
37:06 Stone Mining
37:07 Gold Mining
39:22 Chemistry
38:08 Arrowslits
38:41 Scale Barding Armor
38:32 Bodkin Arrow
38:48 Forging
39:04 Bow Saw
41:13 Conscription
40:26 Sappers
44:28 Bloodlines
43:39 Light Cavalry
44:22 Husbandry
43:46 Elite Obuch
44:32 Szlachta Privileges
48:32 Caravan
48:59 Chain Barding Armor
49:15 Iron Casting
48:41 Bracer
48:43 Padded Archer Armor
48:43 Scale Mail Armor
49:10 Bombard Tower
48:56 Siege Engineers
50:05 Winged Hussar
51:13 Lechitic Legacy
51:31 Hoardings
51:29 Elite Skirmisher
52:15 Thumb Ring
51:38 Crossbowman
55:47 Pikeman
56:31 Squires
61:33 Crop Rotation
62:10 Blast Furnace
61:26 Chain Mail Armor
61:27 Leather Archer Armor
68:18 Plate Mail Armor
Gelor91
0:38 Loom
12:54 Feudal Age
13:28 Stone Mining
13:29 Horse Collar
15:40 Gold Mining
20:11 Double-Bit Axe
22:11 Arson
24:57 Castle Age
23:14 Padded Archer Armor
23:04 Fletching
26:23 Heavy Plow
27:00 Stone Shaft Mining
25:48 Pikeman
26:28 Squires
25:50 Crossbowman
26:33 Husbandry
26:44 Bloodlines
29:35 Bodkin Arrow
29:56 Leather Archer Armor
30:05 Fortified Wall
30:12 Bow Saw
32:15 Treadmill Crane
35:43 Imperial Age
34:11 Wheelbarrow
33:45 Scale Barding Armor
36:11 Thumb Ring
36:13 Chatras
36:36 Chain Barding Armor
36:27 Forging
37:45 Two-Man Saw
37:27 Bracer
37:56 Murder Holes
38:24 Ballistics
39:18 Paper Money
40:42 Ring Archer Armor
40:05 Cavalier
40:14 Halberdier
40:50 Elite Rattan Archer
42:47 Caravan
46:56 Chemistry
45:43 Arrowslits
46:05 Siege Engineers
47:54 Plate Barding Armor
47:55 Iron Casting
50:45 Elite Skirmisher
55:59 Imperial Skirmisher
57:02 Scale Mail Armor
57:21 Hand Cart
62:47 Halberdier
67:18 Chain Mail Armor
67:24 Town Watch
68:18 Elite Battle Elephant
Kuman
10:19 Feudal Age
10:53 Horse Collar
11:01 Double-Bit Axe
11:55 Wheelbarrow
14:03 Gold Mining
15:38 Stone Mining
19:01 Forging
18:42 Fletching
18:52 Padded Archer Armor
19:00 Scale Barding Armor
19:23 Bloodlines
24:03 Castle Age
26:16 Gold Shaft Mining
25:52 Bow Saw
25:47 Heavy Plow
26:11 Leather Archer Armor
25:52 Bodkin Arrow
26:32 Iron Casting
26:18 Chain Barding Armor
26:01 Husbandry
28:10 Hand Cart
29:38 Ballistics
30:10 Caravan
33:28 Silk Armor
39:14 Imperial Age
39:43 Elite Keshik
41:32 Chemistry
41:38 Conscription
41:51 Crop Rotation
41:21 Heavy Cavalry Archer
42:04 Bracer
43:07 Blast Furnace
43:28 Ring Archer Armor
43:34 Plate Barding Armor
44:19 Timurid Siegecraft
67:18 Heavy Camel Rider
yoshiquecomiste
5:33 Loom
9:27 Feudal Age
10:57 Wheelbarrow
11:33 Double-Bit Axe
11:32 Horse Collar
22:47 Castle Age
25:58 Caravan
justifie
12:55 Feudal Age
13:39 Double-Bit Axe
13:35 Horse Collar
18:13 Wheelbarrow
18:05 Gold Mining
23:28 Castle Age
21:57 Loom
24:06 Fletching
24:18 Padded Archer Armor
24:21 Heavy Plow
24:34 Bow Saw
25:37 Gold Shaft Mining
24:54 Stone Mining
30:49 Hand Cart
31:45 Caravan
36:35 Imperial Age
35:43 Town Watch
42:25 Two-Man Saw
41:39 Elite Janissary
43:18 Artillery
47:38 Conscription
49:20 Bodkin Arrow
49:41 Leather Archer Armor
51:15 Bracer
51:45 Ring Archer Armor
51:49 Bombard Tower
51:49 Ballistics
51:20 Guard Tower
51:41 Fortified Wall
51:26 Murder Holes
51:12 Treadmill Crane
51:42 Masonry
51:22 Heated Shot
51:18 Arrowslits
60:24 Hoardings
60:10 Sipahi
59:21 Sappers
60:26 Hoardings
62:35 Hoardings
62:21 Sipahi
61:32 Sappers
Connection lost

Rejoining the realm…

Still unreachable

The connection could not be restored.

Session expired

The server has moved on; the page needs a fresh start.